 Dungeon Crawl Stone Soup version 0.28.0-53-g5a82cb258f (webtiles) character file.

Game seed: 12268347383457733777

12 safid the Digger (level 2, 0/16 HPs)
             Began as a Gargoyle Earth Elementalist on Sept 9, 2022.
             Slain by a hobgoblin (2 damage)
             ... on level 1 of the Dungeon.
             The game lasted 00:01:04 (1270 turns).

safid the Digger (Gargoyle Earth Elementalist)      Turns: 1270, Time: 00:01:05

Health: 0/16       AC:  4    Str: 11    XL:     2   Next: 33%
Magic:  4/5        EV: 12    Int: 15    God:
Gold:   6          SH:  0    Dex: 10    Spells: 4/5 levels left

rFire   . . .      SeeInvis .   f - +0 dagger
rCold   . . .      Faith    .   (no shield)
rNeg    + . .      Spirit   .   b - +0 robe
rPois   ∞          Reflect  .   (no helmet)
rElec   +          Harm     .   (no cloak)
rCorr   .          Rampage  .   (no gloves)
Will    .....                   (no boots)
Stlth   ++........              e - amulet of the acrobat
HPRegen 0.05/turn               (no ring)
MPRegen 0.09/turn               (no ring)

@: no status effects
A: sickness immunity, AC +2, negative energy resistance 1, electricity
resistance, torment resistance 1, petrification resistance
a: no special abilities


You were on level 1 of the Dungeon.
You visited 1 branch of the dungeon, and saw 1 of its levels.

You collected 6 gold pieces.

Inventory:

Hand Weapons
 f - a +0 dagger (weapon)
Missiles
 c - 22 stones
Armour
 b - a +0 robe (worn)
Jewellery
 e - an amulet of the acrobat (around neck)
Scrolls
 a - a scroll of magic mapping {unknown}


   Skills:
 + Level 0.9 Fighting
 + Level 1.8 Dodging
 - Level 2.1 Stealth
 + Level 2.1 Spellcasting
 - Level 0.7 Transmutations
 + Level 3.8 Earth Magic


You had 4 spell levels left.
You knew the following spells:

 Your Spells              Type           Power      Damage    Failure   Level
a - Sandblast             Erth           26%        2d8       4%          1

Your spell library contained the following spells:

 Spells                   Type           Power      Damage    Failure   Level
 Passwall                 Tmut/Erth      6%         N/A       13%         2
 Stone Arrow              Conj/Erth      14%        3d7       30%         3
 Petrify                  Tmut/Erth      8%         N/A       63%         4


Dungeon Overview and Level Annotations

Branches:
Dungeon (1/15)

Altars:


Innate Abilities, Weirdness & Mutations

You are immune to sickness and miasma.
Your stone body is resilient. (AC +2)
You are immune to poison.
You resist negative energy. (rN+)
You are resistant to electric shocks. (rElec)
You are resistant to unholy torment.
You are immune to petrification.


Message History

You hit the hobgoblin.
The hobgoblin is lightly wounded.
The endoplasm freezes you.
You are frozen.
The hobgoblin closely misses you.
You barely miss the hobgoblin.
The hobgoblin is lightly wounded.
The endoplasm barely misses you. The hobgoblin hits you.
You closely miss the hobgoblin.
The hobgoblin is lightly wounded.
The endoplasm freezes you.
You are frozen.
The hobgoblin barely misses you.
You are too injured to fight recklessly!
You are too injured to fight recklessly!
You are too injured to fight recklessly!
You are too injured to fight recklessly!
You are too injured to fight recklessly!
You are too injured to fight recklessly!
You are too injured to fight recklessly!
You are too injured to fight recklessly!
You are too injured to fight recklessly!
You are too injured to fight recklessly!
You are too injured to fight recklessly!
You are too injured to fight recklessly!
You are too injured to fight recklessly!
You are too injured to fight recklessly!
You are too injured to fight recklessly!
You are too injured to fight recklessly!
You are too injured to fight recklessly!
Unknown command.
Casting: Sandblast (safe; 4% risk of failure)
Confirm with . or Enter, or press ? or * to list all spells.
Aiming: Sandblast (safe; 4% risk of failure)
Press: ? - help, Shift-Dir - straight line, f - hobgoblin
Aim: a hobgoblin (79% to hit)
The blast of sand misses the hobgoblin.
The endoplasm freezes you.
You are frozen.
* * * LOW HITPOINT WARNING * * *
The hobgoblin hits you.
You die...

.. ## .. ..
.# #. (# #.
.# ##.##.#
####..g#J#
#....#.@.#
#...###
##.##
##########
#.#
#.........
#.#
#.########
#.#
#.#######
#.#
#.......#
#.#
#.#####.####
#.#######.##
#.....


You could see an endoplasm and a hobgoblin.

Vanquished Creatures
  An endoplasm (D:1)
  2 goblins (D:1)
  2 hobgoblins (D:1)
  A quokka (D:1)
  2 ball pythons (D:1)
  A bat (D:1)
  A frilled lizard (D:1)
  A kobold (D:1)
  A rat (D:1)
12 creatures vanquished.

Notes
Turn   | Place    | Note
-------+----------+-------------------------------------------
     0 | D:1      | safid the Gargoyle Earth Elementalist began the quest for
                  | the Orb.
     0 | D:1      | Reached XP level 1. HP: 10/10 MP: 3/3
   917 | D:1      | Reached XP level 2. HP: 10/16 MP: 5/5
  1270 | D:1      | Slain by a hobgoblin

Illustrated notes

Levels and vault maps discovered:
D:1:      saegor_arrival_under_anarchy, layout_loops_ring, hex_medium,
          minmay_unequal

Action                   || total
-------------------------++-------
Melee: Unarmed           ||    13
       Club              ||     6
       Dagger            ||    42
 Cast: Sandblast         ||     8
 Stab: Sleeping          ||     3
Armor: Robe              ||    11
Dodge: Dodged            ||    42
